 Dungeon Crawl Stone Soup version 0.30-a0-1161-g0704695555 (webtiles) character file.

Game seed: 7780175841550753074

58 BubbleThief the Chopper (level 4, -2/41 HPs)
             Began as a Hill Orc Fighter on Apr 27, 2023.
             Constricted to death by Ijyb (5 damage)
             ... on level 2 of the Dungeon.
             The game lasted 00:01:54 (1362 turns).

BubbleThief the Chopper (Hill Orc Fighter)          Turns: 1362, Time: 00:01:55

Health: -2/41      AC:  6    Str: 20    XL:     4   Next: 2%
Magic:  4/4        EV:  6    Int:  8    God:
Gold:   84         SH:  4    Dex: 10    Spells: 3/3 levels left

rFire   . . .        a - +0 war axe
rCold   . . .        c - +0 buckler
rNeg    . . .        b - +0 scale mail
rPois   .            (no helmet)
rElec   .            (no cloak)
rCorr   .            (no gloves)
SInv    .            (no boots)
Will    .....        (no amulet) Stlth
                     (no ring)
HPRegen 0.26/turn    (no ring)
MPRegen 0.09/turn

%: no passive effects
@: grasped by roots, constricted
A: no striking features
a: no special abilities


You were on level 2 of the Dungeon.
You visited 1 branch of the dungeon, and saw 2 of its levels.

You collected 84 gold pieces.

Inventory:

Hand Weapons
 a - a +0 war axe (weapon)
Missiles
 q - 6 poisoned darts (quivered)
Armour
 b - a +0 scale mail (worn)
 c - a +0 buckler (worn)
Jewellery
 n - a +4 ring of protection
Scrolls
 e - a scroll of fear {unknown}
 f - 3 scrolls of identify {unknown}
 g - 2 scrolls of amnesia {unknown}
 h - a scroll of teleportation {unknown}
 j - 4 scrolls of enchant armour {unknown}
 k - 2 scrolls of blinking {unknown}
 o - a scroll of noise {unknown}
Potions
 d - a potion of might
 i - a potion of berserk rage {unknown}
 l - 5 potions of curing {unknown}
 m - 2 potions of invisibility {unknown}
 p - a potion of lignification {unknown}


   Skills:
 + Level 4.4 Fighting
 * Level 4.8 Axes
 - Level 3.2 Armour
 - Level 3.2 Shields


You had 3 spell levels left.
You didn't know any spells.
Your spell library contained the following spells:

 Spells                   Type           Power      Damage    Failure   Level
 Sublimation of Blood     Necr           0%         N/A       93%         2
 Petrify                  Tmut/Erth      0%         N/A       100%        4
 Irradiate                Conj/Tmut      0%         3d11      100%        5


Dungeon Overview and Level Annotations

Branches:
Dungeon (2/15)

Altars:

Annotations:
D:2 Ijyb


Message History

Ijyb the Twisted Goblin comes into view.
She is wielding a +0 club and carrying a wand of roots (11).
You slash the goblin!
You kill the goblin!
The goblin hits you but does no damage.
Ijyb screams, "Get away!"
You miss the goblin. The goblin hits you but does no damage.
Ijyb zaps a wand.
The roots erupt in riotous growth!
The goblin is unaffected. x2
The grasping roots grab you! The grasping roots constrict you.
You hear a shout!
You hit the goblin.
You kill the goblin!
You hit the goblin but do no damage. The goblin hits you with a +0 club.
The grasping roots constrict you.
You have reached level 4!
You escape the roots grasp.
The goblin barely misses you.
Ijyb zaps a wand.
The roots erupt in riotous growth!
The grasping roots grab you!
The goblin is unaffected.
Ijyb is unaffected.
The grasping roots constrict you.
You see here a +0 dagger.
Unknown command.
You hit Ijyb but do no damage. You hit the goblin.
You kill the goblin!
You block Ijyb's attack. The grasping roots constrict you.
Ijyb hits you with a +0 club. The grasping roots constrict you.
You closely miss Ijyb. Ijyb hits you with a +0 club.
The grasping roots constrict you.
* * * LOW HITPOINT WARNING * * *
The grasping roots release their grip on you.
Unknown command.
You closely miss Ijyb. Ijyb hits you with a +0 club.
* * * LOW HITPOINT WARNING * * *
You closely miss Ijyb. Ijyb hits you with a +0 club.
* * * LOW HITPOINT WARNING * * *
You hit Ijyb.
Ijyb is lightly wounded.
Ijyb zaps a wand.
The roots erupt in riotous growth!
The grasping roots grab you!
Ijyb is unaffected.
The grasping roots constrict you.
You die...

### #............##
..# ##########.###
..# ##....# ..#
#..#### ..#
#.######### ###
#..)......# ######
#.#.......# .....#
#####.#8.....8#
####.#
#...#.#@).....# #.#
#.....#8g....8# #.#
#...###.......# #.#
##...# #8.....8# #.#
##....# #.......# #
#.# #.....# #8.....8#
# #.###.#..†#
#.......# #
#.##..#...###########
####............#


You could see Ijyb.

Vanquished Creatures
  3 dart slugs (D:1)
  6 ball pythons
  6 endoplasms
  3 giant cockroaches (D:2)
  9 goblins
  3 hobgoblins
  4 jackals (D:2)
  2 quokkas (D:1)
  2 bats (D:1)
  3 frilled lizards
  3 kobolds
  3 rats
47 creatures vanquished.

Vanquished Creatures (others)
  2 plants (D:1)
2 creatures vanquished.

Grand Total: 49 creatures vanquished

Notes
Turn   | Place    | Note
-------+----------+-------------------------------------------
     0 | D:1      | BubbleThief the Hill Orc Fighter began the quest for the
                  | Orb.
     0 | D:1      | Reached XP level 1. HP: 19/19 MP: 1/1
    60 | D:1      | Reached XP level 2. HP: 27/27 MP: 2/2
   308 | D:1      | Found a faded altar of an unknown god.
   431 | D:1      | Reached XP level 3. HP: 33/33 MP: 3/3
  1351 | D:2      | Noticed Ijyb
  1357 | D:2      | Reached XP level 4. HP: 31/41 MP: 4/4
  1361 | D:2      | HP: 2/41 [Ijyb/+0 club (4)]
  1362 | D:2      | Constricted to death by Ijyb

Illustrated notes

Levels and vault maps discovered:
D:1:      tarquinn_simple_flora_water_d, layout_basic,
          shapermc_ecumenical_altar_mp_ritualfount, minmay_cut_off
D:2:      kennysheep_the_goblin_king, layout_basic,
          minmay_randomly_rotated_circles

Skill      XL: |  1  2 |
---------------+-------+-----
Axes           | 3 4 |  4.8
Fighting       | 4 |  4.4
Armour         | |  3.2
Shields        | |  3.2

Action                     |  1- 3 |  4- 6 || total
---------------------------+-------+-------++-------
  Melee: War axe           |   109 |     5 ||   114
 Armour: Scale mail        |    47 |       ||    47
  Dodge: Dodged            |    53 |     1 ||    54
  Block: Buckler           |    24 |     1 ||    25

Table legend: (Time is in decaauts)
 A = Elapsed time spent in this place.
 B = Non-inter-level travel time spent in this place.
 C = Inter-level travel time spent in this place.
 D = Time resting spent in this place.
 E = Time spent auto-exploring this place.
 F = Levels seen in this place.
 G = Mean time per level.
                   A        B        C        D        E       F      G
               +--------+--------+--------+--------+--------+-----+--------+
         Total |   1398 |   1322 |     76 |      0 |   1057 |   2 |  699.0 |
       Dungeon |   1398 |   1322 |     76 |      0 |   1057 |   2 |  699.0 |
               +--------+--------+--------+--------+--------+-----+--------+

Top non-repeatable levels by time:
     D:1: 738 daAuts
     D:2: 660 daAuts
